 Dungeon Crawl Stone Soup version 0.25.0-26-g0c896c7088 (webtiles) character file.

Game seed: 24667753770623329

3701 Gatuga the Carver (level 9, -5/79 HPs)
             Began as a Minotaur Fighter on July 3, 2020.
             Slain by a death yak (14 damage)
             ... on level 8 of the Dungeon on July 4, 2020.
             The game lasted 00:52:37 (8084 turns).

Gatuga the Carver (Minotaur Fighter)                Turns: 8084, Time: 00:52:38

Health: -5/79      AC: 10    Str: 25    XL:     9   Next: 91%
Magic:  8/8        EV:  7    Int:  5    God:
Gold:   431        SH: 12    Dex: 11    Spells: 8/8 levels left

rFire    . . .     SeeInvis .   a - +0 long sword
rCold    . . .     Gourm    .   c - +0 kite shield
rNeg     . . .     Faith    .   s - +0 plate armour
rPois    .         Spirit   .   (helmet unavailable)
rElec    .         Reflect  .   (no cloak)
rCorr    .         Harm     .   (no gloves)
MR       +....                  B - +0 pair of boots
Stlth    ..........             (no amulet)
HPRegen  0.23/turn              g - ring of protection from magic
MPRegen  0.11/turn              (no ring)

@: no status effects
A: retaliatory headbutt, horns 3, agile 1, deformed body
a: no special abilities


You were on level 8 of the Dungeon.
You were not hungry.

You visited 2 branches of the dungeon, and saw 9 of its levels.

You collected 431 gold pieces.

Inventory:

Hand Weapons
 a - a +0 long sword (weapon)
 t - a +0 dagger of protection
Missiles
 b - 4 javelins (quivered)
Armour
 c - a +0 kite shield (worn)
 s - a +0 plate armour (worn)
 B - a +0 pair of boots (worn)
Jewellery
 g - a ring of protection from magic (left hand)
 h - an uncursed ring of protection from fire
 o - an uncursed ring of resist corrosion
 q - an uncursed ring of fire
 x - an uncursed amulet of magic regeneration
Wands
 l - a wand of flame (22)
 m - a wand of iceblast (10)
 v - a wand of paralysis (5)
Scrolls
 e - 6 scrolls of remove curse
 i - a scroll of enchant armour {unknown}
 j - a scroll of blinking
 k - a scroll of identify
 p - 4 scrolls of teleportation
 w - a scroll of enchant weapon {unknown}
Potions
 d - 3 potions of might
 n - a potion of stabbing
Comestibles
 f - 9 rations


   Skills:
 + Level 7.0 Fighting
 + Level 9.6 Long Blades
 + Level 1.6 Throwing
 + Level 9.2 Armour
 + Level 3.3 Dodging
 + Level 1.5 Stealth
 + Level 9.1 Shields


You had 8 spell levels left.
You didn't know any spells.
Your spell library contained the following spells:

 Spells                   Type           Power        Failure   Level  Hunger
 Magic Dart               Conj           #...         100%        1    ##.....
 Searing Ray              Conj           #.....       100%        2    ###....
 Dazzling Flash           Conj/Hex       #.....       100%        3    ####...
 Fulminant Prism          Conj/Hex       #.........   100%        4    #####..
 Iskenderun's Mystic Bla  Conj/Tloc      #.......     100%        4    #####..


Dungeon Overview and Level Annotations

Branches:
Dungeon (8/15)             Temple (1/1) D:7            Lair (0/6) D:8

Altars:
Cheibriados
Fedhas
Gozag
Hepliaklqana
Kikubaaqudgha
Makhleb
Nemelex Xobeh
Okawaru
Ru
Sif Muna
Trog
Uskayaw
Vehumet
Wu Jian
Xom
Yredelemnul
Zin

Shops:
D:7 ?


Innate Abilities, Weirdness & Mutations

You reflexively headbutt those who attack you in melee.
You have a pair of large horns on your head.
You are agile. (Dex +2)
Armour fits poorly on your strangely shaped body.


Message History

The death yak is moderately wounded.
The death yak gores you but does no damage.
You hit the death yak.
The death yak is moderately wounded.
The death yak gores you!
You hit the death yak but do no damage.
The death yak is moderately wounded.
The death yak gores you!
* * * LOW HITPOINT WARNING * * *
You slash the death yak! Your headbutt misses the death yak.
The death yak is heavily wounded.
The death yak gores you!
* * * LOW HITPOINT WARNING * * *
It was a potion of cancellation.
You feel magically purged. The death yak gores you.
* * * LOW HITPOINT WARNING * * *
The death yak gores you but does no damage.
There is an escape hatch in the ceiling here.
The death yak gores you!
You die...

..........†...........#
#......##
........####..........#
#.......# .########
#..........###........ .
#...........##.......)
######.###............
#.# #.......#..#.
####.###:........##.
#..Y..........#####.
.....#@.###.......## #.
.### #..# #........####
#..# #......#...##
#####..####...........
##...?.............####
.##..#..#.###....#....#
.......##.###.#####.#.###
(..#.....#.............#
# #...#..................


You could see a death yak.

Vanquished Creatures
  An elephant (D:8)
  A troll (D:8)
  A hippogriff (D:8)
  Sigmund (D:5)
  Duvessa (D:6)
  A water moccasin (D:5)
  An orc warrior (D:6)
  A phantom (D:5)
  An ogre (D:8)
  4 centaurs
  2 crocodiles (D:8)
  A big kobold (D:7)
  3 bullfrogs
  Dowan (D:6)
  2 scorpions
  7 killer bees
  A howler monkey (D:7)
  4 crimson imps
  2 quasits (D:7)
  3 orc priests (D:6)
  A jelly (D:7)
  A centaur skeleton (D:5)
  A hound (D:5)
  A gnoll shaman (D:7)
  Jessica (D:3)
  2 bullfrog skeletons (D:7)
  2 iguanas
  5 orc wizards
  4 worker ants
  A hound zombie (D:5)
  A hound skeleton (D:7)
  11 adders
  9 gnolls
  A shadow imp (D:5)
  An ooze (D:6)
  An adder zombie (D:8)
  An adder skeleton (D:4)
  2 dart slugs
  4 leopard geckos
  27 orcs
  3 giant cockroaches
  8 goblins
  9 hobgoblins
  9 jackals
  4 quokkas
  4 bats
  6 frilled lizards
  16 kobolds
  A leopard gecko skeleton (D:8)
  3 rats
179 creatures vanquished.

Notes
Turn   | Place    | Note
-------+----------+-------------------------------------------
     0 | D:1      | Gatuga the Minotaur Fighter began the quest for the Orb.
     0 | D:1      | Reached XP level 1. HP: 19/19 MP: 0/0
   348 | D:1      | Reached XP level 2. HP: 27/27 MP: 1/1
   720 | D:2      | Reached XP level 3. HP: 21/33 MP: 2/2
  1102 | D:2      | Reached XP level 4. HP: 25/40 MP: 3/3
  1209 | D:3      | Noticed Jessica
  1248 | D:3      | Killed Jessica
  1248 | D:3      | Reached skill level 1 in Stealth
  1939 | D:4      | Reached XP level 5. HP: 40/46 MP: 4/4
  2010 | D:4      | Reached skill level 1 in Dodging
  2279 | D:4      | Reached skill level 5 in Armour
  2407 | D:5      | Entered Level 5 of the Dungeon
  2407 | D:5      | Noticed a water moccasin
  2424 | D:5      | Killed a water moccasin
  2424 | D:5      | Reached XP level 6. HP: 18/53 MP: 5/5
  2498 | D:5      | Reached skill level 5 in Long Blades
  2543 | D:5      | Reached skill level 5 in Shields
  2573 | D:5      | Reached skill level 5 in Fighting
  2573 | D:5      | Reached XP level 7. HP: 30/61 MP: 6/6
  2725 | D:5      | Noticed Sigmund
  2755 | D:5      | Killed Sigmund
  2996 | D:5      | Reached XP level 8. HP: 41/70 MP: 7/7
  3319 | D:6      | Gained mutation: Armour fits poorly on your strangely
                  | shaped body. [potion of mutation]
  3319 | D:6      | Gained mutation: You are agile. (Dex +2) [potion of
                  | mutation]
  3319 | D:6      | Gained mutation: You have a pair of large horns on your
                  | head. [potion of mutation]
  3502 | D:6      | Found an opulent altar of Gozag.
  4153 | D:6      | Noticed Duvessa
  4165 | D:6      | Killed Duvessa
  4535 | D:6      | Noticed Dowan
  4544 | D:6      | Killed Dowan
  4653 | D:7      | Got a distressingly furry robe
  4674 | D:7      | Found Guohehoi's Magic Scroll Shop.
  5127 | D:7      | Reached XP level 9. HP: 35/78 MP: 8/8
  5751 | D:7      | Found a staircase to the Ecumenical Temple.
  5757 | Temple   | Entered the Ecumenical Temple
  6575 | D:8      | Found a blossoming altar of Fedhas.
  7079 | D:8      | Noticed a troll
  7136 | D:8      | Killed a troll
  7494 | D:8      | Noticed a cyclops
  7496 | D:8      | Found the -2 hat of the Alchemist {rElec rPois rF+ rC+ rN+
                  | MR+ rMut rCorr}
  7693 | D:7      | HP: 3/79 [poisoned by a killer bee]
  7700 | D:7      | HP: 3/79 [poisoned by a killer bee]
  7708 | D:7      | HP: 3/79 [poisoned by a killer bee]
  8042 | D:8      | Found a staircase to the Lair.
  8042 | D:8      | Noticed a death yak
  8042 | D:8      | Noticed an elephant
  8060 | D:8      | Reached skill level 1 in Throwing
  8067 | D:8      | Killed an elephant
  8084 | D:8      | Slain by a death yak

Illustrated notes

Levels and vault maps discovered:
D:1:      lemuel_arrival_lava_pool, layout_loops_cross
D:2:      layout_rooms
D:3:      layout_basic, first_ration, hex_medium,
          hangedman_abyss_or_decor_stabs, uniq_jessica
D:4:      layout_loops_ring, minivault_19
D:5:      layout_rooms, uniq_sigmund
D:6:      layout_basic, grunt_gozag_breadcrumbs, uniq_duvessa
D:7:      layout_layer_cave, temple_green, serial_shops, shop
D:8:      layout_rooms, fedhas_altar_2, david_lair_generic,
          minmay_pinched_square
Temple:   regret_index_temple_sphere_string

Skill      XL: |  1  2  3  4  5  6  7  8  9 |
---------------+----------------------------+-----
Armour         | 4 5 6 7 9 |  9.2
Shields        | 4 5 6 9 |  9.1
Fighting       | 4 5 6 7 |  7.0
Long Blades    | 3 4 5 6 8 9 |  9.6
Stealth        | 1 |  1.5
Dodging        | 1 2 3 |  3.3
Throwing       | 1 |  1.6

Action                   |  1- 3 |  4- 6 |  7- 9 || total
-------------------------+-------+-------+-------++-------
Melee: Long sword        |    92 |   121 |   332 ||   545
       Headbutt          |    11 |    24 |    87 ||   122
Throw: Javelin           |       |       |     8 ||     8
  Use: Scroll            |       |     7 |     4 ||    11
       Potion            |       |     6 |     7 ||    13
  Eat: Ration            |       |     1 |     1 ||     2
       Chunk             |       |     2 |    16 ||    18
Armor: Scale mail        |    47 |    19 |       ||    66
       Chain mail        |       |    47 |   117 ||   164
       Plate armour      |       |       |    43 ||    43
Dodge: Dodged            |    34 |    34 |   146 ||   214
Block: Kite shield       |    52 |    70 |   252 ||   374
       Rpst.: Long sword |     6 |     8 |    39 ||    53
